 Dungeon Crawl Stone Soup version 0.31.0-11-ge490571c62 (webtiles) character file.

Game seed: 1195896724551547532

134 qw the Skirmisher (level 4, 0/25 HPs)
             Began as a Deep Elf Hunter on Feb 5, 2024.
             Killed from afar by Ijyb (22 damage)
             ... with a bolt of dispelling energy
             ... on level 4 of the Dungeon.
             The game lasted 00:00:15 (2452 turns).

qw the Skirmisher (Deep Elf Hunter)                 Turns: 2452, Time: 00:00:16

Health: 0/25       AC:  6    Str: 10    XL:     4   Next: 95%
Magic:  6/6        EV: 11    Int: 14    God:
Gold:   179        SH:  0    Dex: 18    Spells: 3/3 levels left

rFire   . . .        a - +0 shortbow
rCold   . . .        (shield currently unavailable)
rNeg    . . .        f - +0 ring mail
rPois   .            (no helmet)
rElec   .            (no cloak)
rCorr   .            j - +0 pair of gloves
SInv    .            (no boots)
Will    .....        (no amulet)
Stlth   +            (no ring)
HPRegen 0.24/turn    (no ring)
MPRegen 0.10/turn

%: no passive effects
@: no status effects
A: mutation resistance 1, persistent drain
a: no special abilities


You were on level 4 of the Dungeon.
You visited 1 branch of the dungeon, and saw 4 of its levels.

You collected 179 gold pieces.


Innate Abilities, Weirdness & Mutations

You are somewhat resistant to further mutation.
Your health recovers twice as slowly from being drained.


   Skills:
 - Level 1.5 Fighting
 + Level 8.3 Ranged Weapons
 - Level 2.4 Dodging
 - Level 1.2 Stealth


You had 3 spell levels left.
You didn't know any spells.
Your spell library was empty.

Inventory:

Hand Weapons
 a - a +0 shortbow (weapon)
Armour
 f - a +0 ring mail (worn)
 j - a +0 pair of gloves (worn)
Wands
 i - a wand of flame (16)
Scrolls
 h - a scroll of teleportation
Potions
 b - a potion of mutation
 c - 2 potions of curing
 d - a potion of attraction {unknown}
 l - a potion of invisibility {unknown}

Dungeon Overview and Level Annotations

Branches:
Dungeon (4/15)
 Temple: D:4-7

Altars:
Kikubaaqudgha
Trog
Uskayaw
Vehumet

Annotations:
D:4 Ijyb


Message History

Enter note:
Enter note: You shoot an arrow.
The hobgoblin shouts!
The arrow hits the hobgoblin but does no damage.
You shoot an arrow. The arrow hits the hobgoblin!
You kill the hobgoblin!
You now have 163 gold pieces (gained 13).
You open the door.
There is an open door here.
You open the door.
Found a ring mail.
There is an open door here.
You now have 179 gold pieces (gained 16).
There is an open door here.
Ijyb the Twisted Goblin comes into view.
She is wielding a +0 club and carrying a wand of quicksilver.
Ijyb shouts!
Ijyb zaps a wand.
The bolt of dispelling energy hits you!
Ouch! That really hurt!
2443 ||| FLEEEEING.
2444 ||| FLEEEEING.
You start resting.
Ijyb is nearby!
You shoot an arrow. The arrow hits Ijyb.
Ijyb is lightly wounded.
Ijyb zaps a wand.
The bolt of dispelling energy hits you!
2450 ||| READING 2 scrolls of teleportation.
As you read the scroll of teleportation, it crumbles to dust.
You feel strangely unstable.
2451 ||| DRINKING potion of heal wounds.
You feel much better.
Ijyb zaps a wand.
The bolt of dispelling energy misses you.
You shoot an arrow. The arrow hits Ijyb.
Ijyb is moderately wounded.
Ijyb zaps a wand.
The bolt of dispelling energy hits you!!
You feel strangely stable.
Ouch! That really hurt!
You die...

#.....#..#...#
#.....#..#...#
#.....#..#...#
######.....##.##.##
........#####'##.###+####
........#................
........+........g.....g.
........#..##.##.######.#
######%##..##.##@###
#...............#
#..........####'####
#####.###....##~~~.~~~#
......###....##~~~.~~~#
...#..........#~~.~.~~#
.. #..........#~.~7~.~# .
#..........#~~.~[~~#
#..#...#####~~~.~~~#


You could see Ijyb.

Vanquished Creatures
  An orc priest (D:4)
  2 adders (D:2)
  3 ribbon worms
  A dart slug (D:2)
  10 orcs
  4 bats
  5 endoplasms
  A giant cockroach (D:1)
  9 goblins
  4 hobgoblins
  3 jackals (D:2)
  2 quokkas (D:1)
  5 ball pythons
  7 frilled lizards
  6 kobolds
  4 rats
67 creatures vanquished.

Notes
Turn   | Place    | Note
-------+----------+-------------------------------------------
     0 | D:1      | qw the Deep Elf Hunter began the quest for the Orb.
     0 | D:1      | Reached XP level 1. HP: 12/12 MP: 3/3
     0 | D:1      | 0 ||| qw: Version: 0.3-a-160-g6735b56
     0 | D:1      | 0 ||| qw: Game counter: 6277
     0 | D:1      | 0 ||| qw: Melee chars always use a shield: true
     0 | D:1      | 0 ||| qw: God list: Okawaru
     0 | D:1      | 0 ||| qw: Allow faded altars: false
     0 | D:1      | 0 ||| qw: Do Orc after clearing Dungeon:15 true
     0 | D:1      | 0 ||| qw: Do second Lair branch before Depths: true
     0 | D:1      | 0 ||| qw: Lair rune preference: random
     0 | D:1      | 0 ||| qw: Goals: Normal
     0 | D:1      | 0 ||| PLANNING D:1-11
    78 | D:1      | Found a faded altar of an unknown god.
   214 | D:1      | Reached XP level 2. HP: 16/16 MP: 4/4
   219 | D:1      | Reached skill level 6 in Ranged Weapons
   612 | D:1      | 612 ||| UPGRADING to +0 ring mail.
   622 | D:1      | 622 ||| DROPPING +0 leather armour.
   623 | D:1      | 623 ||| UPGRADING to +0 pair of gloves.
   628 | D:1      | 628 ||| READING 2 scrolls labelled XIARPH FIORE.
   656 | D:1      | 656 ||| READING scroll labelled FAUTAT WUXTOCILI.
   657 | D:1      | 657 ||| READING scroll labelled ZUSIFA GI LIW.
   658 | D:1      | 658 ||| READING 2 scrolls labelled ZUNICOCREAFE.
   658 | D:1      | 658 ||| IDENTIFYING smoky purple potion
   659 | D:1      | 659 ||| READING scroll of identify.
   659 | D:1      | 659 ||| IDENTIFYING 2 coppery potions
   660 | D:1      | 660 ||| READING scroll labelled MUMIGEDGHUR.
   665 | D:1      | 665 ||| DROPPING scroll of butterflies.
   666 | D:1      | 666 ||| DROPPING scroll of torment.
   667 | D:1      | 667 ||| DROPPING potion of magic.
   668 | D:1      | 668 ||| DROPPING 2 potions of brilliance.
   715 | D:2      | Reached XP level 3. HP: 20/20 MP: 5/5
   848 | D:2      | Reached skill level 7 in Ranged Weapons
   971 | D:2      | HP: 5/20 [poisoned by an adder]
  1240 | D:2      | 1240 ||| DRINKING 2 fuming silvery potions.
  1240 | D:2      | Gained mutation: Potions are less effective at restoring
                  | your health. [potion of mutation]
  1240 | D:2      | Gained mutation: You are clumsy. (Dex -2) [potion of
                  | mutation]
  1241 | D:2      | 1241 ||| DRINKING potion of mutation.
  1241 | D:2      | Lost mutation: You are clumsy. (Dex -2) [potion of
                  | mutation]
  1241 | D:2      | Lost mutation: Potions are less effective at restoring your
                  | health. [potion of mutation]
  1241 | D:2      | Gained mutation: Your health recovers twice as slowly from
                  | being drained. [potion of mutation]
  1241 | D:2      | Gained mutation: You are somewhat resistant to further
                  | mutation. [potion of mutation]
  1316 | D:3      | Reached XP level 4. HP: 25/25 MP: 6/6
  1329 | D:3      | 1329 ||| FLEEEEING.
  1330 | D:3      | 1330 ||| FLEEEEING.
  1353 | D:3      | Found a bloodstained altar of Trog.
  1484 | D:3      | Found a radiant altar of Vehumet.
  1728 | D:3      | Found an ancient bone altar of Kikubaaqudgha.
  2134 | D:3      | Found a hide-covered altar of Uskayaw.
  2161 | D:3      | 2161 ||| READING scroll of identify.
  2161 | D:3      | 2161 ||| IDENTIFYING smoky sapphire potion
  2162 | D:3      | 2162 ||| READING scroll labelled XISTRI CEEVI.
  2163 | D:3      | 2163 ||| READING scroll labelled XUSHRA DEQYOD.
  2164 | D:3      | 2164 ||| DRINKING 3 fizzy sapphire potions.
  2306 | D:4      | Reached skill level 8 in Ranged Weapons
  2442 | D:4      | Noticed Ijyb
  2443 | D:4      | 2443 ||| FLEEEEING.
  2444 | D:4      | 2444 ||| FLEEEEING.
  2449 | D:4      | HP: 4/25 [Ijyb/bolt of dispelling energy (8)]
  2450 | D:4      | 2450 ||| READING 2 scrolls of teleportation.
  2451 | D:4      | 2451 ||| DRINKING potion of heal wounds.
  2452 | D:4      | Killed from afar by Ijyb

Levels and vault maps discovered:
D:1:      lemuel_arrival_behind_the_door_small, layout_basic,
          dreamdust_ecumenical_altar_statues, corexii_leaking_fountain,
          serial_bayou_pond_c
D:2:      layout_rooms, minmay_pentomino_p2
D:3:      layout_basic, mainiacjoe_overflow_brackets,
          nicolae_overflow_hidden_temple, mainiacjoe_overflow_alcove_2,
          trog_hazing_becter, kennysheep_generic_room_4
D:4:      layout_gridville, kennysheep_generic_room_9, uniq_robin, uniq_ijyb

Skill      XL: |  1  2  3  4 |
---------------+-------------+-----
Ranged Weapons | 6 7 8 |  8.3
Fighting       | |  1.5
Dodging        | |  2.4
Stealth        | |  1.2

Action                     |  1- 3 |  4- 6 || total
---------------------------+-------+-------++-------
   Fire: Shortbow          |   119 |    93 ||   212
    Use: Scroll            |     6 |     4 ||    10
         Potion            |     2 |     2 ||     4
 Armour: Leather armour    |     1 |       ||     1
         Ring mail         |    24 |    20 ||    44
  Dodge: Dodged            |    23 |    32 ||    55

Table legend:
 A = Non-vault XP
 B = Vault XP
 C = Vault XP percentage of total XP
 D = Non-vault monster count
 E = Vault monster count
 F = Vault count percentage of total count
                 A         B        C        D         E       F
            +---------+---------+-------+---------+---------+-------
      Total |     178 |      14 |   7.3 |      59 |       8 |  11.9
            +---------+---------+-------+---------+---------+-------
        D:1 |      34 |       0 |   0.0 |      21 |       0 |   0.0
        D:2 |      52 |       3 |   5.5 |      16 |       1 |   5.9
        D:3 |      38 |      11 |  22.4 |      17 |       7 |  29.2
        D:4 |      54 |       0 |   0.0 |       5 |       0 |   0.0
            +---------+---------+-------+---------+---------+-------
